 Dungeon Crawl Stone Soup version 0.21-a0-471-gd587bd5 (webtiles) character file.

261 tof the Twirler (level 5, 0/41 HPs)
             Began as a Demonspawn Gladiator on Nov 21, 2017.
             Slain by a bullfrog (5 damage)
             ... in a sewer.
             The game lasted 00:04:42 (2768 turns).

tof the Twirler (Demonspawn Gladiator)              Turns: 2768, Time: 00:04:43

Health: 0/41       AC:  7    Str: 15    XL:     5   Next: 96%
Magic:  5/5        EV: 12    Int:  9    God:
Gold:   100        SH:  6    Dex: 15    Spells: 4/4 levels left

rFire    . . .     SeeInvis .   a - +0 quarterstaff
rCold    . . .     Gourm    .   (shield currently unavailable)
rNeg     . . .     Faith    .   p - +0 ring mail
rPois    .         Spirit   .   f - +0 helmet
rElec    .         Reflect  +   (no cloak)
rCorr    .         Harm     .   (no gloves)
MR       .....                  o - +0 pair of boots
Stlth    +.........             n - +2 amulet of reflection
HPRegen  0.13/turn              (no ring)
MPRegen  0.09/turn              (no ring)

@: lethally poisoned (0 -> -3), very slow
A: claws 1, large bone plates 1, demonic guardian 1
a: no special abilities


You were in a sewer.
You were not hungry.

You visited 1 branch of the dungeon, and saw 3 of its levels.
You also visited: Sewer.

You collected 100 gold pieces.

Inventory:

Hand Weapons
 a - a +0 quarterstaff (weapon)
Missiles
 d - 3 throwing nets (quivered)
Armour
 f - a +0 helmet (worn)
 o - a +0 pair of boots (worn)
 p - a +0 ring mail (worn)
Jewellery
 n - a +2 amulet of reflection (around neck)
Wands
 k - a wand of flame (15)
Scrolls
 e - 4 scrolls of blinking {unknown}
 g - 2 scrolls of identify {unknown}
 h - a scroll of fear {unknown}
 i - 4 scrolls of amnesia {unknown}
 j - 2 scrolls of remove curse {unknown}
 l - 3 scrolls of magic mapping {unknown}
 m - 4 scrolls of teleportation {unknown}
Potions
 r - a potion of degeneration {unknown}
 s - a potion of brilliance {unknown}
 t - a potion of curing {unknown}
 u - a potion of heal wounds {unknown}
 v - a potion of magic {unknown}
Comestibles
 b - a royal jelly
 c - 4 bread rations
 q - 3 chunks of flesh


   Skills:
 + Level 3.3 Fighting
 * Level 4.4 Staves
 - Level 1.7 Throwing
 + Level 2.1 Armour
 + Level 3.5 Dodging


You had 4 spell levels left.
You didn't know any spells.

Dungeon Overview and Level Annotations

Branches:
Dungeon (3/15)

Altars:
Dithmenos
Trog
Wu Jian


Innate Abilities, Weirdness & Mutations

You have sharp fingernails.
You are partially covered in large bone plates. (SH +4)
A weak demonic guardian rushes to your aid.


Message History

The adder bites you but does no damage. The bullfrog hits you.
You sock the adder!
The adder is severely wounded.
You block the ball python's attack. The ball python constricts you.
The adder bites you but does no damage. You block the adder's attack.
The bullfrog hits you. The adder bites you but does no damage.
The ball python misses you. The ball python constricts you.
The bullfrog barely misses you. The adder closely misses you.
The adder bites you.
* * * LOW HITPOINT WARNING * * *
You escape the ball python's grasp.
You enter the shallow water.
Moving in this stuff is going to be slow.
You feel sick. The bullfrog closely misses you. The adder closely misses you.
You block the bullfrog's attack. The bullfrog hits you.
* * * LOW HITPOINT WARNING * * *
The adder bites you but does no damage. The ball python completely misses you.
You block the ball python's attack.
The bullfrog hits you but does no damage.
The bullfrog hits you.
You die...

####################
S.≈≈≈≈≈≈≈SS≈≈≈≈≈≈..###
.≈≈≈≈#≈SF@≈≈≈≈≈≈≈...##
..≈≈≈≈≈#SSFS≈≈≈≈≈.....#
.≈≈≈≈≈≈≈≈≈S≈≈≈≈≈≈≈....#
.≈≈≈≈≈≈≈≈≈≈≈≈≈≈≈≈.....##
.#≈≈≈≈≈≈≈≈≈≈≈≈≈≈≈#.....#
##################....#
####...## #..#....#
#..'....#


You could see 2 bullfrogs, 4 adders and 3 ball pythons.

Vanquished Creatures
  A jelly (D:1)
  9 adders
  6 river rats (Sewer)
  2 oozes (D:1)
  2 worms (D:2)
  3 dart slugs
  A leopard gecko (D:1)
  6 ball pythons (Sewer)
  3 giant cockroaches (D:1)
  2 goblins
  5 hobgoblins
  A jackal (D:1)
  A kobold (D:1)
  5 bats
  3 frilled lizards
  27 rats
77 creatures vanquished.

Vanquished Creatures (collateral kills)
  Terence (D:2)
  3 jackals (D:1)
  A rat (D:1)
5 creatures vanquished.

Grand Total: 82 creatures vanquished

Notes
Turn   | Place    | Note
-------+----------+-------------------------------------------
     0 | D:1      | tof the Demonspawn Gladiator began the quest for the Orb.
     0 | D:1      | Reached XP level 1. HP: 16/16 MP: 1/1
     1 | D:1      | Found a runed door.
   258 | D:1      | Gained mutation: A weak demonic guardian rushes to your aid. [demonic ancestry]
   258 | D:1      | Reached XP level 2. HP: 22/22 MP: 2/2
   473 | D:1      | Reached skill level 3 in Staves
   762 | D:1      | Reached skill level 1 in Armour
   762 | D:1      | Reached XP level 3. HP: 18/28 MP: 3/3
  1218 | D:2      | Gained mutation: You are partially covered in large bone plates. (SH +4) [demonic ancestry]
  1218 | D:2      | Reached XP level 4. HP: 32/34 MP: 4/4
  1316 | D:2      | Noticed Terence
  1326 | D:2      | Killed Terence
  1688 | D:2      | Found an ornate altar of the Wu Jian Council.
  1688 | D:2      | Found a bloodstained altar of Trog.
  1689 | D:2      | Found a shadowy altar of Dithmenos.
  2035 | D:3      | Gained mutation: You have sharp fingernails. [demonic ancestry]
  2035 | D:3      | Reached XP level 5. HP: 40/40 MP: 5/5
  2071 | D:3      | Found a glowing drain.
  2165 | Sewer    | Entered a sewer
  2204 | Sewer    | Reached skill level 4 in Staves
  2768 | Sewer    | Slain by a bullfrog

Vault maps used:
D:1:      dpeg_arrival_caged_fury, minmay_vboxes
D:2:      gammafunk_temple_overflow_claw, serial_park_tiny_1, uniq_terence
D:3:      portal_sewer_entry_d
Sewer:    sewer_minmay_w

Skill      XL: |  1  2  3  4  5 |
---------------+----------------+-----
Staves         | 3 4 |  4.4
Armour         | 1 2 |  2.1
Dodging        | 3 |  3.5
Fighting       | 3 |  3.3
Throwing       | |  1.7

Action                   |  1- 3 |  4- 6 || total
-------------------------+-------+-------++-------
Melee: Quarterstaff      |    63 |   172 ||   235
 Stab: Distracted        |     1 |       ||     1
  Eat: Chunk             |     1 |     5 ||     6
Armor: Leather armour    |    27 |       ||    27
       Ring mail         |       |    92 ||    92
Dodge: Dodged            |    58 |   147 ||   205
Block: Other             |       |    86 ||    86

Table legend:
 A = Spawn XP
 B = Non-spawn XP
 C = Spawn XP percentage of total XP
 D = Spawn monster count
 E = Non-spawn monster count
 F = Spawn count percentage of total count
 G = Total turns spent on level
                    A         B        C        D         E        F      G
               +---------+---------+-------+---------+---------+-------+---------
         Total |       0 |     373 |   0.0 |       0 |      82 |   0.0 |  2768
               +---------+---------+-------+---------+---------+-------+---------
           D:1 |       0 |      77 |   0.0 |       0 |      20 |   0.0 |  1091
           D:2 |       0 |     114 |   0.0 |       0 |      19 |   0.0 |   827
           D:3 |       0 |      19 |   0.0 |       0 |       4 |   0.0 |   247
         Sewer |       0 |     163 |   0.0 |       0 |      39 |   0.0 |   603
               +---------+---------+-------+---------+---------+-------+---------
